 Dungeon Crawl Stone Soup version 0.31-a0-949-g57150269e1 (webtiles) character file.

Game seed: 433396670198252594

90531 skwerlee the Severer (level 16, -5/168 HPs)
             Began as a Gargoyle Berserker on Oct 22, 2023.
             Was a High Priest of Trog.
             Engulfed by a cloud of freezing vapour (20 damage)
             ... on level 2 of the Spider Nest.
             The game lasted 02:13:54 (32836 turns).

skwerlee the Severer (Gargoyle Berserker)          Turns: 32836, Time: 02:13:54

Health: -5/168     AC: 39    Str: 30    XL:     16   Next: 0%
Magic:  16/16      EV:  8    Int:  7    God:    Trog [*****.]
Gold:   726        SH:  0    Dex:  9    Spells: 15/15 levels left

rFire   . . .        h - +2 executioner's axe (flame)
rCold   . . .        (shield currently unavailable)
rNeg    + . .        x - +4 plate armour
rPois   ∞            (no helmet)
rElec   +            m - +2 cloak
rCorr   .            q - +0 pair of gloves
SInv    .            (no boots)
Will    +....        (no amulet) Stlth
                     A - +4 ring of protection
HPRegen 0.48/turn    (no ring)
MPRegen 0.15/turn

%: no passive effects
@: confused, berserking (expiring), flying, very quick
A: sickness immunity, AC +12, big wings, negative energy resistance 1,
electricity resistance, torment resistance 1, petrification resistance
a: Renounce Religion, Berserk, Trog's Hand, Brothers in Arms


You were on level 2 of the Spider Nest.
You worshipped Trog.
Trog was extremely pleased with you.
You visited 4 branches of the dungeon, and saw 20 of its levels.
You visited the Abyss 1 time.

You collected 1534 gold pieces.
You spent 808 gold pieces at shops.

Inventory:

Hand Weapons
 h - a +2 executioner's axe of flaming (weapon)
 E - a +3 broad axe of flaming
 G - a +3 antimagic battleaxe
Missiles
 C - 2 throwing nets
Armour
 m - a +2 cloak (worn)
 q - a +0 pair of gloves (worn)
 x - a +4 plate armour (worn)
Jewellery
 i - a ring of ice
 j - an amulet of magic regeneration
 A - a +4 ring of protection (left hand)
Talismans
 o - a blade talisman
Wands
 d - a wand of roots (13)
 v - a wand of polymorph (2)
 J - a wand of charming (5)
Scrolls
 a - 2 scrolls of noise
 k - 2 scrolls of blinking
 l - 3 scrolls of torment
 n - 4 scrolls of identify
 s - a scroll of fear
 y - 2 scrolls of poison
 B - 2 scrolls of revelation
 F - 2 scrolls of fog
 I - a scroll of teleportation
Potions
 b - 4 potions of berserk rage
 c - 6 potions of lignification
 e - a potion of invisibility {unknown}
 f - 2 potions of brilliance {unknown}
 g - a potion of cancellation {unknown}
 p - a potion of enlightenment
 r - a potion of degeneration
 t - a potion of resistance
 u - 5 potions of curing
 w - 2 potions of attraction
 z - a potion of mutation {unknown}
Miscellaneous
 D - a phantom mirror


   Skills:
 + Level 17.5 Fighting
 + Level 19.1(19.3) Axes
 - Level 3.9(13.1) Polearms
 - Level 9.7 Armour
 - Level 2.8 Dodging
 - Level 2.3 Stealth
 - Level 0.4 Evocations


You had 15 spell levels left.
You didn't know any spells.
Your spell library was empty.

Dungeon Overview and Level Annotations

Branches:
Dungeon (11/15)            Temple (0/1) D:6            Lair (5/5) D:9
  Swamp (0/4) Lair:3       Spider (2/4) Lair:3        Slime (0/5) Lair:5
    Orc (2/2) D:11            Elf (0/3) Orc:2

Altars:
Cheibriados
Dithmenos
Elyvilon
Fedhas
Hepliaklqana
Makhleb
Nemelex Xobeh
Qazlal
Ru
Uskayaw
Wu Jian
Jiyva

Shops:
D:6 !   Orc:2 :*([

Annotations:
Lair:2 exclusion: oklob plant


Innate Abilities, Weirdness & Mutations

You are immune to sickness and miasma.
Your stone body is resilient. (AC +12)
You are immune to poison.
Your large and strong wings let you fly.
You resist negative energy. (rN+)
You are resistant to electric shocks. (rElec)
You are resistant to unholy torment.
You are immune to petrification.


Message History

You feel stronger.
You barely miss the redback.
The redback is severely wounded.
You slice the redback!! You burn the redback.
You kill the redback!
Trog accepts your kill.
You slash the tarantella! You burn the tarantella.
A freezing mist starts to gather...
A redback simulacrum comes into view.
The redback bites you.
* * * LOW HITPOINT WARNING * * *
The tarantella touches you!
* * * LOW HITPOINT WARNING * * *
You slash the redback! You burn the redback.
You kill the redback!
Trog accepts your kill.
You slash the tarantella! You burn the tarantella.
A freezing mist starts to gather...
A redback simulacrum comes into view.
The tarantella touches you but does no damage.
You closely miss the tarantella.
The tarantella is severely wounded.
The tarantella touches you.
* * * LOW HITPOINT WARNING * * *
You are confused.
The redback simulacrum barely misses you.
The tarantella touches you but does no damage.
You barely miss the tarantella.
The tarantella is severely wounded.
You slice the redback simulacrum!!
You melt the redback simulacrum!
The redback simulacrum vaporises!
The tarantella touches you but does no damage.
You are engulfed in freezing vapours.
* * * LOW HITPOINT WARNING * * *
The redback simulacrum closely misses you.
The tarantella touches you but does no damage.
You slice the redback simulacrum!!
You melt the redback simulacrum.
The redback simulacrum vaporises!
You miss the tarantella.
You are engulfed in freezing vapours.
You die...

.......
.........#
..........####
...........#. ..
#........... ...
#.........# ...
#......†.# ..#
#.....†.#####.#
....
#...s@.#..#...#
....
#..#.○####....#
##.... .... ####
#.....# #..... .
. #.....# #.....
##....# #.....
#...####.....
##.^###...... #
#..#†##†.....
#..#####........


You could see a tarantella (soul bound).

Vanquished Creatures
  Kirke (Lair:4)
  An emperor scorpion (Spider:1)
  An orc warlord (Orc:1)
  Snorg (Orc:2)
  An entropy weaver (Spider:1)
  4 hydras
  Erolcha (D:10)
  2 catoblepae (Lair:4)
  3 jorogumos
  4 boulder beetles
  A demonic crawler (Spider:1)
  7 death yaks
  Urug (Lair:1)
  An orc high priest (Orc:1)
  A fire crab (Lair:4)
  2 skysharks
  3 pharaoh ants
  A bog body (Lair:3)
  3 orb spiders (Spider:1)
  3 steelbarb worms (Spider:1)
  9 wolf spiders
  7 orc knights
  2 orc sorcerers (Orc:2)
  2 cyclopes (D:11)
  A manticore (Lair:1)
  2 black mambas
  12 elephants
  7 torpor snails
  An unseen horror (shapeshifter) (Spider:1)
  11 cane toads
  4 rime drakes
  4 komodo dragons
  3 trolls
  8 polar bears
  5 tarantellas (Spider:1)
  25 blink frogs
  16 hornets
  2 dream sheep (Lair:5)
  4 culicivoras
  17 jumping spiders
  13 spriggans (Lair:5)
  Sigmund (D:2)
  4 slime creatures (D:9)
  2 vampires (D:11)
  Eustachio (D:4)
  47 yaks
  A wraith (D:9)
  7 wyverns
  2 steam dragons
  4 hogs (Lair:4)
  2 basilisks
  29 redbacks
  4 wargs
  4 acid dragons
  13 water moccasins
  A hell hound (Spider:2)
  Duvessa (D:4)
  23 orc warriors
  8 black bears
  A sky beast (D:7)
  Pargi (D:4)
  An ice beast (D:5)
  4 boggarts (Lair:5)
  34 wolves
  A centaur (D:5)
  7 ogres
  2 kobold brigands
  Blork the orc (Orc:2)
  15 bullfrogs
  6 scorpions
  2 gnoll sergeants
  8 wights
  Dowan (D:4)
  22 killer bees
  5 electric eels
  4 howler monkeys
  A crimson imp (D:8)
  A quasit (D:7)
  7 hounds
  2 gnoll boudas
  17 orc priests
  10 jellies
  Crazy Yiuf (D:6)
  An iguana (D:4)
  Ijyb (D:4)
  2 sleepcaps
  Natasha (thrice) (D:2)
  16 orc wizards
  15 gnolls
  6 adders
  3 shadow imps
  5 white imps
  7 ufetubi
  3 dart slugs
  78 orcs
  22 endoplasms
  2 giant cockroaches (D:1)
  8 goblins
  6 hobgoblins
  8 kobolds
  2 quokkas
  5 ball pythons
  2 bats
  2 frilled lizards (D:1)
  5 rats
707 creatures vanquished.

Vanquished Creatures (others)
  2 humans (Lair:4)
  A gnoll (D:9)
3 creatures vanquished.

Grand Total: 710 creatures vanquished

Notes
Turn   | Place    | Note
-------+----------+-------------------------------------------
     0 | D:1      | skwerlee the Gargoyle Berserker began the quest for the
                  | Orb.
     0 | D:1      | Reached XP level 1. HP: 14/14 MP: 1/1
     3 | D:1      | Noticed an electric eel
     4 | D:1      | Noticed an electric eel
    63 | D:1      | Found a faded altar of an unknown god.
   273 | D:1      | Reached XP level 2. HP: 14/19 MP: 2/2
   743 | D:1      | Reached skill level 3 in Axes
  1013 | D:2      | Reached XP level 3. HP: 24/24 MP: 3/3
  1038 | D:2      | Noticed Natasha
  1049 | D:2      | Killed Natasha
  1179 | D:2      | Noticed Natasha
  1191 | D:2      | Killed Natasha
  1192 | D:2      | Reached skill level 1 in Stealth
  1192 | D:2      | Reached XP level 4. HP: 14/29 MP: 4/4
  1249 | D:2      | Noticed Natasha
  1271 | D:2      | Killed Natasha
  1271 | D:2      | Reached ** piety under Trog
  1503 | D:2      | Noticed Sigmund
  1513 | D:2      | Killed Sigmund
  1514 | D:2      | Reached skill level 4 in Axes
  1514 | D:2      | Reached XP level 5. HP: 34/34 MP: 5/5
  1514 | D:2      | Reached XP level 6. HP: 39/39 MP: 6/6
  1914 | D:3      | Found a shadowy altar of Dithmenos.
  2082 | D:3      | Found an ornate altar of the Wu Jian Council.
  2477 | D:3      | Found a hazy altar of Hepliaklqana.
  2481 | D:3      | Found a faded altar of an unknown god.
  2717 | D:4      | Reached XP level 7. HP: 21/44 MP: 7/7
  2905 | D:4      | Reached skill level 5 in Axes
  3008 | D:4      | Noticed Ijyb
  3032 | D:4      | HP: 1/44 [orc/+0 trident (3)]
  3035 | D:4      | Killed Ijyb
  3038 | D:4      | Reached skill level 5 in Fighting
  3046 | D:4      | HP: 2/44 [hobgoblin (1)]
  3052 | D:4      | HP: 2/44 [orc/+0 trident (2)]
  3352 | D:4      | Noticed Duvessa
  3353 | D:4      | Noticed Dowan
  3353 | D:4      | Noticed Pargi
  3363 | D:4      | Killed Duvessa
  3370 | D:4      | Killed Dowan
  3371 | D:4      | Reached skill level 5 in Armour
  3377 | D:4      | Killed Pargi
  3634 | D:4      | Reached XP level 8. HP: 46/49 MP: 8/8
  3811 | D:4      | Found a blossoming altar of Fedhas.
  3879 | D:4      | Noticed Eustachio
  3894 | D:4      | Killed Eustachio
  3895 | D:4      | Reached skill level 6 in Axes
  3970 | D:5      | Entered Level 5 of the Dungeon
  4366 | D:5      | Found Xafotud's Book Emporium.
  4609 | D:5      | Found a hide-covered altar of Uskayaw.
  4943 | D:5      | Reached skill level 7 in Axes
  5302 | D:5      | Reached XP level 9. HP: 56/56 MP: 9/9
  5511 | D:5      | Found a sparkling altar of Nemelex Xobeh.
  5790 | D:6      | Found Walaiv's Distillery.
  5823 | D:6      | Bought a potion of heal wounds for 70 gold pieces
  5823 | D:6      | Bought a potion of degeneration for 14 gold pieces
  5882 | D:6      | Found a snail-covered altar of Cheibriados.
  6008 | D:6      | Found a runed translucent door.
  6009 | D:6      | Noticed Crazy Yiuf
  6022 | D:6      | Killed Crazy Yiuf
  6244 | D:6      | Found a staircase to the Ecumenical Temple.
  6625 | D:6      | Reached skill level 8 in Axes
  7197 | D:7      | Reached skill level 9 in Axes
  7201 | D:7      | Reached *** piety under Trog
  7387 | D:7      | Reached XP level 10. HP: 51/63 MP: 10/10
  8126 | D:7      | Reached skill level 10 in Axes
 10187 | D:9      | Noticed a death yak
 10220 | D:8      | Killed a death yak
 10221 | D:8      | Reached skill level 11 in Axes
 10221 | D:8      | Reached XP level 11. HP: 69/69 MP: 11/11
 10911 | D:9      | Found a white marble altar of Elyvilon.
 10999 | D:9      | Noticed a death yak
 11001 | D:9      | Noticed a death yak
 11006 | D:9      | Found a staircase to the Lair.
 11023 | D:9      | Killed a death yak
 11024 | D:9      | Reached skill level 12 in Axes
 11075 | D:9      | Killed a death yak
 11242 | D:9      | Reached **** piety under Trog
 11529 | D:9      | Reached skill level 10 in Fighting
 11691 | Lair:1   | Entered Level 1 of the Lair of Beasts
 11930 | Lair:1   | Reached skill level 13 in Axes
 12276 | Lair:1   | Noticed a four-headed hydra
 12308 | Lair:1   | Killed a five-headed hydra
 12309 | Lair:1   | Reached XP level 12. HP: 77/77 MP: 12/12
 12387 | Lair:1   | Identified the +5 trident of Brutal Revenge {flame,
                  | *Corrode Int+6 Stlth+}
 13568 | Lair:2   | Noticed Urug
 13591 | Lair:1   | Killed Urug
 13919 | Lair:1   | Reached skill level 14 in Axes
 15386 | Lair:2   | Noticed a skyshark
 15403 | Lair:2   | Killed a skyshark
 15603 | Lair:2   | Reached skill level 15 in Axes
 15777 | Lair:2   | Reached XP level 13. HP: 83/86 MP: 13/13
 17549 | Lair:3   | Found a staircase to the Swamp.
 18177 | Lair:3   | Found a hole to the Spider Nest.
 18610 | Lair:3   | Reached skill level 16 in Axes
 20445 | Lair:4   | Reached skill level 1 in Polearms
 20839 | Lair:4   | Found a sacrificial altar of Ru.
 20892 | Lair:4   | Noticed Kirke
 20901 | Lair:4   | Gained mutation: Your large and strong wings let you fly.
                  | [Gargoyle growth]
 20901 | Lair:4   | Reached XP level 14. HP: 96/96 MP: 14/14
 20903 | Lair:4   | Killed Kirke
 21168 | Lair:4   | Identified the +8 great sword of Indomitability {drain, rF+
                  | Str+3 Int+2 Dex+3}
 21319 | Lair:5   | Entered Level 5 of the Lair of Beasts
 21512 | Lair:5   | Found a viscous altar of Jiyva.
 22006 | Lair:5   | Found a staircase to the Slime Pits.
 22015 | Lair:5   | Identified the +0 ring mail of Emeetem {Will+}
 22180 | Lair:5   | Reached skill level 15 in Fighting
 22593 | Lair:5   | Reached skill level 17 in Axes
 24634 | D:10     | Entered Level 10 of the Dungeon
 24671 | D:10     | Noticed Erolcha
 24694 | Abyss:2  | Cast into level 2 of the Abyss (Erolcha)
 24698 | Abyss:2  | Found a candlelit altar of Ignis.
 24703 | D:10     | Escaped the Abyss
 24706 | D:10     | Killed Erolcha
 24758 | D:10     | Reached ***** piety under Trog
 25249 | D:10     | Found a stormy altar of Qazlal.
 25258 | D:10     | Found a burning altar of Makhleb.
 26180 | D:11     | Found a staircase to the Orcish Mines.
 26778 | Orc:1    | Entered Level 1 of the Orcish Mines
 26825 | Orc:2    | Entered Level 2 of the Orcish Mines
 27456 | Orc:1    | Reached XP level 15. HP: 75/105 MP: 15/15
 28119 | Orc:2    | Noticed an orc warlord
 28152 | Orc:1    | Killed an orc warlord
 28587 | Orc:2    | Noticed Blork the orc
 28592 | Orc:2    | Paralysed by an orc sorcerer for 4 turns
 28602 | Orc:2    | Killed Blork the orc
 28823 | Orc:2    | Found Voerov's General Store.
 28830 | Orc:2    | Bought a scroll of identify for 24 gold pieces
 28830 | Orc:2    | Bought a scroll of identify for 24 gold pieces
 28838 | Orc:2    | Found Ejuddagg's Book Boutique.
 28916 | Orc:2    | Found Afisab's Antique Weapon Boutique.
 28931 | Orc:2    | Found Ehielaf's Antique Armour Boutique.
 29028 | Orc:2    | Bought a runed plate armour for 676 gold pieces
 29212 | Orc:2    | Noticed Snorg
 29239 | Orc:2    | Killed Snorg
 29313 | Orc:2    | Received a gift from Trog
 29587 | Orc:2    | Found a staircase to the Elven Halls.
 29947 | Spider:1 | Entered Level 1 of the Spider Nest
 30180 | Spider:1 | Reached skill level 18 in Axes
 31948 | Spider:1 | Received a gift from Trog
 32111 | Spider:1 | Noticed an emperor scorpion
 32131 | Spider:1 | Killed an emperor scorpion
 32458 | Spider:2 | Reached skill level 19 in Axes
 32830 | Spider:2 | Reached XP level 16. HP: 43/112 MP: 16/16
 32836 | Spider:2 | Engulfed by a cloud of freezing vapour

Illustrated notes

Levels and vault maps discovered:
D:1:      arrival_aquarium_b, layout_loops_ring,
          dreamdust_ecumenical_altar_statues
D:2:      layout_basic, uniq_sigmund, uniq_natasha
D:3:      layout_basic, grunt_dithmenos_smoke,
          beargit_hepliaklqana_dungeon_heroes, lemuel_coloured_pillars_altar,
          minmay_tree_intersection, minmay_misc_feat_columns
D:4:      layout_rooms, mainiacjoe_overflow_chevrons, uniq_ijyb, uniq_pargi,
          uniq_duvessa, uniq_eustachio
D:5:      layout_loops_corners, nemelex_dance_club_becter,
          nicolae_uskayaw_murder_on_the_dancefloor, serial_shops, shop
D:6:      layout_cave_pools, kennysheep_mini, minmay_temple_entry_proselytizer,
          serial_shops, shop, uniq_crazy_yiuf_cottage
D:7:      layout_cave_pools, serial_demonic, serial_demonic_d, serial_demonic_a,
          serial_demonic_a, serial_demonic_c, serial_demonic_d,
          nrook_mini_backslash, kennysheep_generic_room_6
D:8:      layout_basic, minmay_fire_ice_demons
D:9:      layout_basic, mainiacjoe_overflow_six_doors_small, dpeg_lair_monsters,
          serial_bayou_ford_a
D:10:     layout_roguey, mainiacjoe_overflow_swirl, uniq_erolcha
D:11:     layout_irregular_city, david_orc_5
Lair:1:   layout_loops_ring, minmay_holes, pdpol_lair_cavern_descent,
          grunt_megastairs_1, serial_bayou_shore_a
Lair:2:   lemuel_slime, layout_loops_ring, dreamdust_wasp_nest,
          grunt_megastairs_3, uniq_urug
Lair:3:   layout_roguey, skrybe_swamp_entry_bodies,
          nicolae_spider_entry_lesser_pyramids
Lair:4:   layout_concentric_octagons, basic_altar, grunt_megastairs_5,
          uniq_kirke
Lair:5:   minmay_lair_end_enchanted_forest, layout_small_grid,
          minmay_slime_entry_pillars, serial_rivers,
          chequers_serial_rivers_large_a, chequers_serial_rivers_marsh,
          chequers_serial_rivers_marsh, chequers_serial_rivers_room_b,
          chequers_serial_rivers_large_b, chequers_serial_rivers_micro_c
Spider:1: layout_spider_delve, hellmonk_deceptive_appearances
Spider:2: layout_chambers, uniq_azrael
Orc:1:    layout_diamond_mine, gammafunk_ghost_stat_death,
          nicolae_orc_lava_room, uniq_jorgrun
Orc:2:    grunt_orc_cross, layout_diamond_mine, uniq_snorg

Skill      XL: |  1  2  3  4  5  6  7  8  9 10 11 12 13 14 15 |
---------------+----------------------------------------------+-----
Axes           | 3 4 5 7 9 11 13 15 16 17 19 | 19.1
Dodging        | 2 |  2.8
Fighting       | 4 5 6 7 8 10 12 14 16 17 | 17.5
Stealth        | 1 2 |  2.3
Armour         | 3 4 5 6 8 9 |  9.7
Polearms       | 1 3 |  3.9
Evocations     | |  0.4

Action                     |  1- 3 |  4- 6 |  7- 9 | 10-12 | 13-15 | 16-18 || total
---------------------------+-------+-------+-------+-------+-------+-------++-------
  Melee: Hand axe          |    81 |   129 |   512 |       |       |       ||   722
         Punch             |       |       |     3 |    11 |    20 |       ||    34
         War axe           |       |       |    65 |   862 |  1288 |       ||  2215
         Trident           |       |       |       |       |    27 |       ||    27
         Executioner's axe |       |       |       |       |   262 |     5 ||   267
         Broad axe         |       |       |       |       |   126 |       ||   126
         Battleaxe         |       |       |       |       |    26 |       ||    26
 Invoke: Berserk           |       |     4 |    13 |    19 |    32 |       ||    68
         Trog's Hand       |       |       |     3 |     7 |    10 |       ||    20
  Evoke: Wand              |       |       |       |    15 |     6 |       ||    21
    Use: Potion            |       |     1 |     4 |     8 |     7 |       ||    20
         Scroll            |       |       |    10 |     8 |     8 |       ||    26
   Stab: Petrified         |       |       |       |       |     5 |       ||     5
 Armour: Animal skin       |    28 |       |       |       |       |       ||    28
         Plate armour      |    38 |   130 |   805 |   811 |  1909 |     9 ||  3702
  Dodge: Dodged            |    47 |    46 |   318 |   311 |   644 |     2 ||  1368

Table legend: (Time is in decaauts)
 A = Elapsed time spent in this place.
 B = Non-inter-level travel time spent in this place.
 C = Inter-level travel time spent in this place.
 D = Time resting spent in this place.
 E = Time spent auto-exploring this place.
 F = Levels seen in this place.
 G = Mean time per level.
                   A        B        C        D        E       F      G
               +--------+--------+--------+--------+--------+-----+--------+
         Total |  32934 |  31975 |    959 |  15582 |  10303 |  21 | 1568.3 |
       Dungeon |  14079 |  13624 |    455 |   5370 |   5706 |  11 | 1279.9 |
          Lair |  13125 |  12703 |    422 |   7177 |   3100 |   5 | 2625.0 |
   Spider Nest |   2756 |   2696 |     60 |   1324 |    820 |   2 | 1378.0 |
  Orcish Mines |   2963 |   2941 |     22 |   1711 |    677 |   2 | 1481.5 |
         Abyss |      8 |      8 |      0 |      0 |      0 |   1 |    8.0 |
               +--------+--------+--------+--------+--------+-----+--------+

Top non-repeatable levels by time:
  Lair:1: 3226 daAuts
  Lair:5: 3111 daAuts
  Lair:3: 3057 daAuts
  Lair:2: 2761 daAuts
Spider:1: 2372 daAuts
     D:9: 1730 daAuts
   Orc:2: 1693 daAuts
     D:5: 1677 daAuts
     D:8: 1664 daAuts
     D:6: 1484 daAuts
    D:11: 1417 daAuts
     D:4: 1292 daAuts
   Orc:1: 1270 daAuts
     D:7: 1195 daAuts
     D:3: 1133 daAuts
